Map: Whirlwind LE (Void)

Players

BluntReality

  • Race: Terran Terran
  • League: Gold
  • Spawn Location: 1:00

fropez - Winner!

  • Race: Protoss Protoss
  • League: Gold
  • Spawn Location: 11:00

VOD

Have the link to the VOD?

Description

Time

  • Played on: Dec. 13, 2016, 5:40 p.m.
  • Length: 15:06
Show
View Real Time Build Order
Export as new Build Order

BluntReality Terran 

Build Orders:  

Get SALT Encoding   

  12  0:09  SCV  
  13  0:33  SCV  
  14  0:38  Supply Depot  
  14  0:45  SCV  
  15  0:59  SCV, Refinery  
  15  1:01  Barracks  
  16  1:09  Barracks  
  16  1:20  SCV  
  17  1:32  SCV  
  18  1:45  SCV  
  19  1:49  Reaper  
  19  1:50  Supply Depot  
  20  1:57  SCV  
  21  2:04  Command Center  
  21  2:11  Orbital Command  
  21  2:23  Refinery  
  21  2:28  Factory  
  21  2:31  Barracks Tech Lab  
  21  2:59  Barracks Reactor  
  21  3:00  Marine  
  22  3:08  SCV  
  23  3:15  Factory Tech Lab  
  23  3:20  SCV, Engineering Bay  
  23  3:24  Starport  
  24  3:32  SCV  
  24  3:37  Orbital Command  
  24  3:39  Marine  
  24  3:41  Marine  
  25  3:43  Marine  
  25  3:44  SCV  
  25  3:48  Bunker  
  28  3:54  Siege Tank  
  31  3:56  SCV  
  32  4:04  SCV  
  33  4:10  Marine x3  
  33  4:17  SCV  
  37  4:20  Supply Depot  
  34  4:27  Marine  
  34  4:28  Marine  
  34  4:29  SCV  
  34  4:43  Marine  
  34  4:45  Marine x2  
  36  4:57  SCV, Supply Depot  
  37  5:00  Marine  
  37  5:02  Starport Reactor  
  37  5:03  Marine x2  
  37  5:04  Stimpack, Barracks  
  40  5:09  SCV  
  41  5:18  Marine, SCV  
  41  5:21  Marine  
  43  5:22  SCV  
  42  5:30  SCV  
  42  5:34  SCV  
  40  5:39  Supply Depot  
  40  5:41  Medivac x2  
  40  5:42  SCV  
  44  5:50  Missile Turret  
  44  5:51  Missile Turret  
  44  6:02  Siege Tank  
  47  6:05  SCV  
  48  6:17  SCV  
  49  6:28  Marine  
  49  6:29  Marine x2, SCV  
  53  6:40  Medivac  
  53  6:41  SCV, Supply Depot  
  53  6:46  Marine x3  
  58  6:53  SCV  
  60  7:04  Marine x3  
  60  7:06  SCV  
  64  7:09  Supply Depot, Medivac  
  66  7:22  Marine x3  
  62  7:40  Marine x2  
  62  7:41  Orbital Command  
  53  8:00  Barracks Reactor  
  53  8:04  Supply Depot  
  53  8:08  Marine x2  
  53  8:09  Marine  
  56  8:18  Widow Mine  
  58  8:26  Marine x3  
  61  8:35  Supply Depot  
  61  8:39  Missile Turret  
  61  8:44  Marine x3  
  64  8:55  Viking  
  63  9:02  Marine x3  
  57  9:20  Marine x3  
  50  9:36  Marine x2  
  50  9:37  Marine x2  
  50  9:38  Marine  
  43  9:54  Marine x2  
  43  9:55  Marine x3  
  48  10:12  Marine x2  
  48  10:13  Marine x3  
  53  10:17  SCV  
  54  10:29  SCV  
  54  10:30  Marine x2  
  54  10:31  Marine x3  
  59  10:47  Marine x2  
  59  10:49  Marine  
  62  10:58  SCV  
  63  11:05  Marine x4  
  63  11:06  Marine  
  63  11:11  SCV  
  69  11:23  Marine x4, SCV  
  69  11:24  Marine  
  75  11:35  SCV  
  65  11:41  Marine x4  
  65  11:42  Marine  
  62  11:48  Liberator  
  60  11:54  Widow Mine  
  60  11:58  Marine  
  60  11:59  Marine x2  
  60  12:00  SCV  
  66  12:07  Marine x2  
  69  12:12  SCV  
  69  12:14  Combat Shields  
  70  12:16  Marine x3  
  73  12:23  Widow Mine  
  73  12:24  SCV  
  73  12:25  Marine x2  
  78  12:34  Marine x3  
  78  12:36  SCV  
  82  12:41  Liberator  
  82  12:42  Marine  
  82  12:43  Marine  
  84  12:47  Refinery x2  
  84  12:48  SCV  
  85  12:52  Marine x3, Siege Tank  
  91  13:00  Marine  
  91  13:01  Marine  
  96  13:10  Marine x3  
  99  13:18  Marine x2  
  71  14:04  Liberator  
  71  14:05  Liberator  
  57  14:17  Marine x2  
  57  14:18  Marine x3  
  65  14:35  Marine x5  
Show
View Real Time Build Order
Export as new Build Order

fropez Protoss - Winner!

Build Orders:  

Get SALT Encoding   

  12  0:01  Probe (Chrono Boost)  
  13  0:12  Probe (Chrono Boost)  
  14  0:25  Pylon  
  14  0:28  Probe (Chrono Boost)  
  15  0:43  Probe (Chrono Boost)  
  15  0:47  Gateway  
  16  0:53  Probe (Chrono Boost)  
  17  0:58  Assimilator  
  18  1:04  Probe (Chrono Boost)  
  18  1:17  Gateway  
  18  1:23  Pylon  
  18  1:24  Probe (Chrono Boost)  
  19  1:44  Cybernetics Core  
  19  1:49  Gateway  
  19  1:52  Pylon  
  19  1:58  Probe (Chrono Boost)  
  20  2:15  Nexus, Probe (Chrono Boost)  
  21  2:27  Pylon  
  21  2:29  Mothership Core (Chrono Boost)  
  23  2:37  Assimilator  
  23  2:44  Adept  
  23  2:47  Probe (Chrono Boost)  
  26  3:11  Probe (Chrono Boost)  
  27  3:14  Adept x3  
  33  3:22  Probe (Chrono Boost)  
  34  3:28  Stargate  
  34  3:33  Probe (Chrono Boost)  
  34  3:34  Probe (Chrono Boost), Warp Gate  
  36  3:46  Pylon  
  36  3:55  Adept x2  
  40  4:07  Probe (Chrono Boost), Assimilator  
  40  4:08  Oracle  
  42  4:11  Assimilator  
  42  4:47  Sentry  
  42  4:58  Adept x2  
  47  5:01  Probe (Chrono Boost)  
  47  5:05  Probe (Chrono Boost), Oracle  
  48  5:13  Adept, Probe (Chrono Boost)  
  54  5:18  Probe (Chrono Boost)  
  55  5:36  Oracle  
  60  5:50  Probe (Chrono Boost)  
  60  5:51  Probe (Chrono Boost)  
  60  5:52  Sentry x2  
  60  5:55  Adept  
  66  6:03  Probe x2 (Chrono Boost)  
  68  6:11  Nexus  
  68  6:13  Assimilator  
  68  6:14  Oracle  
  68  6:17  Probe (Chrono Boost), Assimilator  
  68  6:18  Probe (Chrono Boost)  
  68  6:20  Pylon  
  68  6:23  Pylon  
  69  6:29  Probe (Chrono Boost)  
  70  6:35  Pylon, Protoss Air Weapons Level 1  
  70  6:38  Pylon  
  70  6:39  Probe (Chrono Boost)  
  72  6:41  Probe (Chrono Boost)  
  72  6:43  Stalker  
  72  6:45  Oracle  
  74  6:51  Probe (Chrono Boost)  
  71  7:32  Probe (Chrono Boost)  
  71  7:33  Probe x2 (Chrono Boost)  
  71  7:34  Stalker x2  
  74  7:58  Probe (Chrono Boost)  
  74  7:59  Probe (Chrono Boost)  
  74  8:00  Probe (Chrono Boost)  
  74  8:11  Adept x2  
  78  8:17  Pylon  
  78  8:19  Nexus  
  78  8:21  Assimilator  
  78  8:22  Oracle  
  78  8:23  Pylon  
  78  8:25  Pylon, Assimilator  
  78  8:26  Gateway  
  79  8:27  Probe (Chrono Boost)  
  79  8:28  Pylon  
  79  8:30  Gateway  
  79  8:31  Pylon  
  76  9:06  Adept x2  
  80  9:15  Probe (Chrono Boost)  
  80  9:16  Probe (Chrono Boost)  
  79  9:17  Probe (Chrono Boost)  
  65  9:27  Probe (Chrono Boost)  
  55  9:34  Adept x2  
  56  9:50  Probe x3 (Chrono Boost)  
  60  9:56  Adept x2  
  65  10:00  Mothership Core (Chrono Boost)  
  65  10:02  Probe x2 (Chrono Boost)  
  66  10:08  Probe (Chrono Boost)  
  69  10:14  Probe (Chrono Boost)  
  69  10:16  Probe (Chrono Boost)  
  69  10:18  Probe (Chrono Boost)  
  70  10:21  Pylon  
  70  10:31  Twilight Council  
  66  10:35  Gateway  
  66  10:36  Adept x4  
  66  10:38  Gateway  
  66  10:39  Gateway  
  66  10:41  Sentry  
  66  10:42  Gateway  
  74  10:49  Robotics Facility  
  74  10:51  Pylon, Forge, Probe (Chrono Boost)  
  74  10:52  Probe x2 (Chrono Boost)  
  74  10:53  Forge  
  77  10:57  Resonating Glaives  
  77  11:01  Stalker  
  77  11:02  Pylon, Stalker x2  
  83  11:05  Pylon  
  83  11:18  Protoss Ground Weapons Level 1  
  82  11:20  Probe x2 (Chrono Boost)  
  82  11:21  Probe x2 (Chrono Boost)  
  82  11:25  Pylon  
  86  11:27  Adept x3  
  82  11:40  Stalker x2  
  82  11:42  Protoss Ground Armor Level 1  
  82  11:46  Immortal  
  81  11:53  Mothership Core (Chrono Boost)  
  81  12:02  Zealot x2  
  81  12:05  Adept x3  
  91  12:10  Probe (Chrono Boost)  
  91  12:11  Probe x2 (Chrono Boost)  
  95  12:16  Probe (Chrono Boost)  
  95  12:20  Probe (Chrono Boost)  
  96  12:28  Blink  
  98  12:30  Probe x2 (Chrono Boost)  
  98  12:36  Nexus  
  98  12:47  Sentry x2  
  98  12:48  Sentry x3  
  108  12:56  Templar Archives  
  108  12:58  Warp Prism  
  108  13:03  Dark Shrine  
  110  13:07  Photon Cannon  
  90  13:32  Adept  
  90  13:33  Adept x6  
  90  13:34  Adept  
  94  13:55  Mothership Core (Chrono Boost)  
  92  14:09  Adept x5  
  91  14:10  Adept x2  
  91  14:16  Gateway  
  89  14:18  Gateway  
  81  14:33  Stalker x2  
  85  14:43  Stalker x4  
  91  15:05  Pylon  
Tags
 
League
GoldGold
Matchup
PvT
Replay Pack
All Mines
Spawn Locations
Close Positions
Add a new tag
Caveats
  • Supply blocks, unpowered buildings, or Contaminate may cause inaccurate times.
  • Supply counts are checked every 10 seconds.